[Event "*** Titled Tuesday Blitz"]
[Site "Chess.com"]
[Date "2020.04.28"]
[Round "1"]
[White "Biranidun"]
[Black "Piotrek1979"]
[Result "1-0"]
[WhiteElo "2723"]
[BlackElo "2385"]
[TimeControl "180+1"]
[EndTime "10:05:52 PDT"]
[Termination "Biranidun won on time"]

1. e4 c5 2. Nf3 e6 3. d4 cxd4 4. Nxd4 a6 5. Bd3 Nf6 6. O-O d6 7. c4 Nbd7 8. Nc3 b6 9. Qe2 Bb7 10. f4 Qc7 11. f5 exf5 12. exf5+ Ne5 13. Bg5 Qc5 14. Be3 Nfg4 15. Ne4 Bxe4 16. Bxe4 Nxe3 17. Qxe3 Rc8 18. f6 g6 19. Bd5 h5 20. Rad1 Bh6 21.
Qg3 h4 22. Qh3 Bg5 23. Kh1 O-O 24. b3 b5 25. Nf5 gxf5 26. Qxf5 Bh6 27. Rde1 Kh8 28. Qh5 Kh7 29. Be4+ Ng6 30. Bxg6+ fxg6 31. Re7+ 1-0

[Event "*** Titled Tuesday Blitz"]
[Site "Chess.com"]
[Date "2020.04.28"]
[Round "1"]
[White "Gurvich_Vitaly"]
[Black "RianKapriaga"]
[Result "1-0"]
[WhiteElo "2534"]
[BlackElo "2185"]
[TimeControl "180+1"]
[EndTime "10:05:52 PDT"]
[Termination "Gurvich_Vitaly won on time"]

1. e4 e5 2. Nf3 Nc6 3. Bb5 a6 4. Bxc6 dxc6 5. O-O Bg4 6. d3 Ne7 7. h3 h5 8. Be3 Ng6 9. Nbd2 Qf6 10. c3 Bd6 11. d4 Bxf3 12. Nxf3 Nf4 13. Bxf4 exf4 14. e5 Qf5 15. exd6 O-O-O 16. Re1 cxd6 17. Qe2 g5 18.
Qe4 Qd7 19. Nxg5 Rdg8 20. Qxf4 Rg6 21. h4 f6 22. Ne6 Rhg8 23. g3 Kb8 24. d5 cxd5 25.
Rad1 Rg4 26. Qxf6 Ka7 27. Rxd5 Qc6 28. Rg5 R8xg5 29. hxg5 h4 30. Nd4 Qd5 31. Qf5 1-0

[Event "*** Titled Tuesday Blitz"]
[Site "Chess.com"]
[Date "2020.04.28"]
[Round "1"]
[White "mishanick"]
[Black "Warerman"]
[Result "1-0"]
[WhiteElo "3024"]
[BlackElo "2466"]
[TimeControl "180+1"]
[EndTime "10:05:53 PDT"]
[Termination "mishanick won on time"]

1. d4 Nf6 2. c4 e6 3. Nf3 d5 4. Nc3 Be7 5. g3 O-O 6. Bg2 Nbd7 7. Qd3 c5 8. cxd5 exd5 9. O-O c4 10. Qc2 Re8 11.
Bf4 a6 12. Ne5 Bb4 13. Nxd7 Qxd7 14. Be5 Bxc3 15. bxc3 Ne4 16. a4 f6 17. Bf4 Qf7 18.
a5 Bf5 19. Qb2 g5 20. Bc1 Qd7 21. Re1 Rab8 22. Qb4 Qb5 23. Ba3 Qxb4 24. Bxb4 Red8 25. f3 Nd2 26. e4 dxe4 27. fxe4 1-0

[Event "*** Titled Tuesday Blitz"]
[Site "Chess.com"]
[Date "2020.04.28"]
[Round "1"]
[White "GOGIEFF"]
[Black "louis198"]
[Result "1-0"]
[WhiteElo "2977"]
[BlackElo "2463"]
[TimeControl "180+1"]
[EndTime "10:05:53 PDT"]
[Termination "GOGIEFF won by resignation"]

1. d4 Nf6 2. c4 c5 3. d5 b5 4. cxb5 a6 5. bxa6 Bxa6 6. Nc3 d6 7. Nf3 Nbd7 8. e4 Bxf1 9. Kxf1 g6 10. g3 Bg7 11. Kg2 O-O 12. h3 Qa5 13. Re1 Ne8 14.
Bg5 f6 15. Bd2 Nc7 16. Qc2 Ne5 17. Nxe5 fxe5 18. a4 Qa6 19. Be3 Qb7 20. Rab1 Na6 21. b3 Nb4 22. Qe2 Rf7 23. Rec1 Raf8 24. Na2 Nxd5 25.
exd5 Qxd5+ 26. Kg1 e4 27. Nc3 Qf5 28. Qg4 Bd4 29. Qxf5 gxf5 30. Ne2 e5 31. b4 f4 32. gxf4 exf4 33. Bxd4 cxd4 34. Nxd4 f3 35. Kh2 1-0

[Event "*** Titled Tuesday Blitz"]
[Site "Chess.com"]
[Date "2020.04.28"]
[Round "1"]
[White "hamelekh"]
[Black "Popopuiyt"]
[Result "1-0"]
[WhiteElo "2692"]
[BlackElo "2354"]
[TimeControl "180+1"]
[EndTime "10:05:54 PDT"]
[Termination "hamelekh won by resignation"]

1. e4 c5 2. Nc3 Nc6 3. Bb5 Nd4 4. Nf3 g6 5. Nxd4 cxd4 6. Ne2 a6 7. Bc4 Bg7 8. d3 b5 9. Bb3 e6 10. f4 Ne7 11. Ng3 O-O 12. f5 exf5 13. exf5 d5 14. fxg6 hxg6 15. O-O Nf5 16. Nxf5 Bxf5 17. Rxf5 gxf5 18. Qf3 Qd7 19. Bxd5 Rad8 20. Bb3 Rfe8 21. Bg5 Rc8 22. a4 Rc5 23. axb5 axb5 24. Rf1 Rce5 25. Qg3 Kf8 26. Bf4 Re2 27. h4 R2e3 28. Qg5 Qc6 29. Qxf5 R8e7 30. Bxe3 dxe3 31. Bxf7 Qb6 32.
Bd5+ 1-0

[Event "*** Titled Tuesday Blitz"]
[Site "Chess.com"]
[Date "2020.04.28"]
[Round "1"]
[White "Ashedu66"]
[Black "GelmanAlexander"]
[Result "0-1"]
[WhiteElo "2101"]
[BlackElo "2504"]
[TimeControl "180+1"]
[EndTime "10:05:55 PDT"]
[Termination "GelmanAlexander won on time"]

1. d4 Nf6 2. c4 c5 3. e3 d6 4. Nf3 Nbd7 5. Nc3 Rg8 6. e4 cxd4 7. Nxd4 g5 8. Be2 b6 9. b3 a6 10. Bb2 e6 11. O-O Bb7 12. Qc2 Rc8 13. Rad1 g4 14. Rfe1 h5 15. Bf1 h4 16. Nde2 Qc7 17. Qb1 Ne5 18. Nf4 h3 19. Na4 hxg2 20. Bxg2 Nf3+ 21. Bxf3 gxf3+ 22. Kh1 Ng4 23. Qc2 b5 24. Nc3 bxc4 25. b4 Qb6 26. Rd2 Bh6 27. Ncd5 exd5 28. exd5+ Kf8 29. Qf5 Bxf4 0-1

[Event "*** Titled Tuesday Blitz"]
[Site "Chess.com"]
[Date "2020.04.28"]
[Round "1"]
[White "ntmh281"]
[Black "aNaartjieZA"]
[Result "0-1"]
[WhiteElo "2273"]
[BlackElo "2603"]
[TimeControl "180+1"]
[EndTime "10:05:56 PDT"]
[Termination "aNaartjieZA won on time"]

1. d4 Nf6 2. Nf3 c5 3. d5 d6 4. Nc3 e5 5. e4 Be7 6. Be2 Nbd7 7. O-O Nf8 8. Nd2 Ng6 9. Nc4 O-O 10. a4 Ne8 11. f3 f5 12. a5 Bg5 13. Bxg5 Qxg5 14.
Qd2 f4 15. Rf2 Rf6 16. Bf1 Nf8 17. Ne2 Rh6 18. g3 Ng6 19. Bg2 Qh5 20. Bf1 fxg3 21. Nxg3 Qh4 22. Ne3 Nf4 23. Nef5 Bxf5 24. Nxf5 Rg6+ 25.
Kh1 Qf6 26. Bb5 Rg5 0-1

[Event "*** Titled Tuesday Blitz"]
[Site "Chess.com"]
[Date "2020.04.28"]
[Round "1"]
[White "andy_rekt"]
[Black "PIwan"]
[Result "0-1"]
[WhiteElo "2200"]
[BlackElo "2542"]
[TimeControl "180+1"]
[EndTime "10:05:56 PDT"]
[Termination "PIwan won by resignation"]

1. d4 e6 2. c4 f5 3. a3 Nf6 4. Nc3 d5 5. Bf4 c6 6. e3 Be7 7. h3 O-O 8. Bd3 Nbd7 9. cxd5 cxd5 10. Nf3 Ne4 11. Qc2 Nb6 12. g4 Bd7 13. gxf5 exf5 14.
Ne5 Rc8 15. Rg1 Bh4 16. Rg2 Ba4 17. Qe2 Nxc3 18. bxc3 Rxc3 19. Bh6 Bf6 20. Kd2 Qc7 21.
Rag1 Rc2+ 22. Bxc2 Qxc2+ 23. Ke1 Qc1+ 0-1

[Event "*** Titled Tuesday Blitz"]
[Site "Chess.com"]
[Date "2020.04.28"]
[Round "1"]
[White "suneebaker"]
[Black "Hanging_pointer"]
[Result "0-1"]
[WhiteElo "2244"]
[BlackElo "2579"]
[TimeControl "180+1"]
[EndTime "10:05:57 PDT"]
[Termination "Hanging_pointer won by resignation"]

1. d4 Nf6 2. Nf3 c5 3. d5 d6 4. c4 b5 5. a4 bxc4 6. Nc3 g6 7. e4 Bg7 8. Bxc4 Ba6 9. Qe2 Qb6 10. O-O O-O 11.
a5 Qb7 12. Re1 Bxc4 13. Qxc4 Nbd7 14. a6 Qb4 15. Nd2 Qxc4 16. Nxc4 Rfb8 17. Na5 Rb6 18. Nc6 Kf8 19. Ra2 Nb8 20. Nxb8 Raxb8 21. f4 Nd7 22. h3 Bd4+ 23. Kh2 Rb3 24. Na4 Nf6 25. Re2 Rd3 26. g4 Rbb3 27. Nc3 Bxc3 28. bxc3 Rdxc3 29. Bb2 Rxh3+ 30. Kg2 Nxg4 0-1

[Event "*** Titled Tuesday Blitz"]
[Site "Chess.com"]
[Date "2020.04.28"]
[Round "1"]
[White "Oligan22"]
[Black "Rsnr"]
[Result "0-1"]
[WhiteElo "2436"]
[BlackElo "2853"]
[TimeControl "180+1"]
[EndTime "10:05:59 PDT"]
[Termination "Rsnr won by resignation"]

1. e4 c6 2. Nf3 d5 3. Nc3 Bg4 4. h3 Bh5 5. d3 e6 6. Be2 Nf6 7.
e5 Nfd7 8. d4 Bxf3 9. Bxf3 c5 10. Nxd5 exd5 11. Bxd5 Nc6 12. Qf3 Qe7 13. Bxc6 bxc6 14.
Qxc6 Rb8 15. O-O cxd4 16. f4 Qc5 17. Qe4 Be7 18. Kh1 Rc8 19. e6 Nf6 20. exf7+ Kxf7 21. Qd3 Qxc2 22. Qxd4 Qc4 23. Qf2 Ne4 24. Qf3 Qxf1+ 25.
Qxf1 Ng3+ 26. Kg1 Nxf1 27. Kxf1 0-1

[Event "*** Titled Tuesday Blitz"]
[Site "Chess.com"]
[Date "2020.04.28"]
[Round "1"]
[White "queen_iryna"]
[Black "Skatchkov_V"]
[Result "1-0"]
[WhiteElo "2265"]
[BlackElo "2566"]
[TimeControl "180+1"]
[EndTime "10:06:00 PDT"]
[Termination "queen_iryna won by resignation"]

1. d4 Nf6 2. Bg5 e6 3. e4 h6 4.
Bxf6 Qxf6 5. Nc3 d6 6. Qd2 g6 7. O-O-O Bg7 8. e5 Qe7 9. f4 d5 10. Nf3 b6 11. g4 a6 12. f5 gxf5 13. gxf5 exf5 14. Nxd5 Qd8 15. Nf6+ Bxf6 16. exf6 Qxf6 17. Re1+ Kd8 18. Bc4 Nc6 19. Ne5 Rf8 20. Bd5 Bb7 21. Qg2 Nxd4 22. Bxb7 c5 23. Bxa8 Re8 24. Nc6+ Kd7 25.
Nxd4 Rxe1+ 26. Rxe1 1-0

[Event "*** Titled Tuesday Blitz"]
[Site "Chess.com"]
[Date "2020.04.28"]
[Round "1"]
[White "GuerrieroFromLevant"]
[Black "Gahan-MG"]
[Result "0-1"]
[WhiteElo "2326"]
[BlackElo "2654"]
[TimeControl "180+1"]
[EndTime "10:06:01 PDT"]
[Termination "Gahan-MG won by resignation"]

1. e4 Nf6 2. e5 Nd5 3. d4 d6 4.
Nf3 g6 5. c4 Nb6 6. exd6 exd6 7.
Bg5 Be7 8. Qe2 Nc6 9. d5 Nb4 10.
Na3 Nd3+ 11. Qxd3 Bxg5 12. Be2 Bf5 13. Qb3 Bf6 14. O-O-O O-O 15. h4 h5 16. Nd4 Bd7 17. Nac2 Re8 18. Bd3 Ba4 19. Qc3 c5 20. dxc6 bxc6 21.
Qd2 c5 22. Nf3 Bg7 23. Rde1 Qf6 24. Ne3 Bc6 25. Ng5 Na4 26. Nd1 Bxg2 27. Rxe8+ Rxe8 28. Rg1 Bc6 29. b3 Qa1+ 30. Bb1 Nc3 31. Nxc3 Bxc3 32. Qc2 Bd4 33. Nxf7 Be4 34. Rxg6+ Kxf7 0-1

[Event "*** Titled Tuesday Blitz"]
[Site "Chess.com"]
[Date "2020.04.28"]
[Round "1"]
[White "gvanna"]
[Black "Grischuk"]
[Result "0-1"]
[WhiteElo "2469"]
[BlackElo "3121"]
[TimeControl "180+1"]
[EndTime "10:06:03 PDT"]
[Termination "Grischuk won on time"]

1. e4 c5 2. Nf3 d6 3. d4 cxd4 4.
Nxd4 Nf6 5. Nc3 a6 6. Be3 e6 7. f3 b5 8. g4 Nbd7 9. Qd2 Bb7 10.
O-O-O Nb6 11. g5 Nfd7 12. h4 Rc8 13. Rg1 Ne5 14. Qe1 Qc7 15. f4 Nec4 16. Bxc4 Nxc4 17. Kb1 b4 18. Na4 Bxe4 19. Bc1 d5 20. f5 e5 21. b3 exd4 22. bxc4 Qxc4 23. Rd2 b3 24. Nb2 bxc2+ 25. Ka1 Qc6 26. Rxd4 Bc5 0-1

[Event "*** Titled Tuesday Blitz"]
[Site "Chess.com"]
[Date "2020.04.28"]
[Round "1"]
[White "TzoumpasAnastasis"]
[Black "GamayevOleg"]
[Result "1-0"]
[WhiteElo "2170"]
[BlackElo "2507"]
[TimeControl "180+1"]
[EndTime "10:06:03 PDT"]
[Termination "TzoumpasAnastasis won by resignation"]

1. c4 d6 2. Nc3 Nf6 3. g3 e5 4. Bg2 c6 5. Rb1 Be7 6. b4 O-O 7. b5 Qc7 8. d3 Nbd7 9. bxc6 bxc6 10. Nf3 Nc5 11. O-O h6 12. e3 Bf5 13. Ne1 Rab8 14.
Bb2 Bg4 15. f3 Bd7 16. d4 exd4 17. exd4 Ne6 18. Nc2 Qa5 19. Qd3 Rfe8 20. Kh1 Bf8 21. Ne3 g6 22. Ng4 Nxg4 23. fxg4 Bg7 24. d5 Nc5 25.
Qf3 Rf8 26. dxc6 Bxc6 27. Qxc6 Bxc3 28. Bxc3 Qxc3 29. Rxb8 Rxb8 30. Qxd6 Rc8 31. Bd5 Kh8 32. Bxf7 Qd3 33. Qe5+ Kh7 34. Qf6 Qe4+ 35. Rf3 Nd3 36. Bd5 Qe1+ 37. Rf1 Qe8 38. Qd4 Ne5 39. Re1 Nf3 40.
Qxa7+ Kh8 41. Rxe8+ Rxe8 42. Bxf3 1-0

[Event "*** Titled Tuesday Blitz"]
[Site "Chess.com"]
[Date "2020.04.28"]
[Round "1"]
[White "ENEASZ"]
[Black "tomozupan"]
[Result "1-0"]
[WhiteElo "2556"]
[BlackElo "2215"]
[TimeControl "180+1"]
[EndTime "10:06:05 PDT"]
[Termination "ENEASZ won by resignation"]

1. e4 e5 2. Nf3 Nc6 3. Bc4 Bc5 4. O-O Nf6 5. d3 d6 6. c3 Bb6 7. Nbd2 O-O 8. h3 Ne7 9. Re1 Ng6 10. Nf1 c6 11.
Bb3 Be6 12. Be3 Qd7 13. Ng3 Rfe8 14. d4 exd4 15. Bxd4 Bxd4 16. Nxd4 Bxb3 17. Qxb3 d5 18.
exd5 Nxd5 19. Rad1 Rxe1+ 20. Rxe1 Ngf4 21. Ndf5 g6 22. Nh6+ Kg7 23. Ng4 h5 24. Ne5 Qc7 25. c4 Nf6 26.
Qc3 Re8 27. Nf3 Rxe1+ 28. Qxe1 Qd6 29. b3 c5 30. Qc3 Qd1+ 31. Kh2 Qd3 32. Qe5 Ne6 33.
Nh4 b6 34. f4 Qd4 35. Nhf5+ gxf5 36. Nxf5+ Kg6 37. Nxd4 Nxd4 38. Qg5+ 1-0

[Event "*** Titled Tuesday Blitz"]
[Site "Chess.com"]
[Date "2020.04.28"]
[Round "1"]
[White "Majesth"]
[Black "algatar2020"]
[Result "1-0"]
[WhiteElo "2478"]
[BlackElo "1870"]
[TimeControl "180+1"]
[EndTime "10:06:05 PDT"]
[Termination "Majesth won by resignation"]

1. d4 d6 2. e4 Nf6 3. Nc3 g6 4. Bg5 Bg7 5. f4 Nbd7 6. e5 Ng8 7. Nf3 h6 8. Bh4 b6 9. Bd3 Bb7 10. e6 Ndf6 11. exf7+ Kf8 12. fxg8=Q+ Kxg8 13. Bxg6 c5 14. O-O Qc8 15. d5 Qg4 16. f5 b5 17. h3 Qc4 18.
Qd3 Qxd3 19. cxd3 b4 20. Ne4 Nxd5 21. Rae1 Bxb2 22. Rf2 Bg7 23. f6 Nxf6 24. Bxf6 Bxf6 25. Nxf6+ exf6 26. Re7 Bd5 27. Nh4 Rf8 28. Rxa7 Bf7 29. Rxf6 Kg7 1-0

[Event "*** Titled Tuesday Blitz"]
[Site "Chess.com"]
[Date "2020.04.28"]
[Round "1"]
[White "Fandorine"]
[Black "Kingsman132"]
[Result "1-0"]
[WhiteElo "2890"]
[BlackElo "2452"]
[TimeControl "180+1"]
[EndTime "10:06:09 PDT"]
[Termination "Fandorine won by resignation"]

1. e4 c5 2. Nf3 d6 3. d4 cxd4 4. Qxd4 Nc6 5. Bb5 Bd7 6. Qd3 Nf6 7. c4 e6 8. O-O a6 9. Bxc6 Bxc6 10. Nc3 h6 11. Nd4 Be7 12. Nxc6 bxc6 13. b3 O-O 14. Bb2 Qc7 15. Rac1 Rad8 16. Rfd1 Qb7 17. h3 d5 18.
exd5 cxd5 19. Qf3 Rd7 20. cxd5 exd5 21. Na4 Ne4 22. Qg4 Bf6 23. Nc5 h5 24. Qxd7 Qxd7 25. Nxd7 Bxb2 26. Nxf8 Bxc1 27. Rxc1 Kxf8 28. Rc6 a5 29.
Kf1 Ke7 30. Ra6 Nd2+ 31. Ke2 Ne4 32. Rxa5 Kd6 33. Ra7 Ke6 34. a4 Nc5 35. b4 Nd7 36. a5 Kd6 37. Rxd7+ Kxd7 38. Kd3 Kc6 39. Kd4 Kb5 40. Kxd5 g5 41. g4 hxg4 42. hxg4 f6 43. f3 Ka6 44. Ke6 1-0

[Event "*** Titled Tuesday Blitz"]
[Site "Chess.com"]
[Date "2020.04.28"]
[Round "1"]
[White "fastestmindalive"]
[Black "maziarbagheri"]
[Result "1-0"]
[WhiteElo "2817"]
[BlackElo "2429"]
[TimeControl "180+1"]
[EndTime "10:06:09 PDT"]
[Termination "fastestmindalive won by resignation"]

1. e4 e5 2. Nf3 Nc6 3. d4 Nf6 4. dxe5 Ng4 5. Bf4 Bc5 6. Bg3 Qe7 7. Nc3 Bb4 8. Qd5 O-O 9. Bc4 Re8 10. O-O Bxc3 11. bxc3 b6 12. h3 Nh6 13. Rad1 Rb8 14. Rfe1 Na5 15. Bb3 c6 16. Qd2 Ra8 17. Bf4 Nxb3 18.
cxb3 Qe6 19. Bxh6 Qxh6 20. Qxh6 gxh6 21. Rd6 Kg7 22. Red1 a5 23. Rf6 a4 24. b4 a3 25.
Rdd6 Re6 26. Rfxe6 fxe6 27. Kf1 Kf7 28. Nd2 Ke7 29. Ke2 Ba6+ 30. Ke3 h5 31. h4 Rg8 32. g3 h6 33. c4 Rb8 34. Rd3 c5 35. b5 Bb7 36.
Rxa3 Kd8 37. Ra7 Kc7 38. a4 Rg8 39. a5 bxa5 40. Rxa5 Kb6 41. Ra3 Rg7 42. Rd3 Bc8 43.
Rd6+ Kc7 44. Nb3 1-0

[Event "*** Titled Tuesday Blitz"]
[Site "Chess.com"]
[Date "2020.04.28"]
[Round "1"]
[White "Fy_Rakotomaharo"]
[Black "ljuks68"]
[Result "0-1"]
[WhiteElo "2631"]
[BlackElo "2342"]
[TimeControl "180+1"]
[EndTime "10:06:09 PDT"]
[Termination "ljuks68 won by resignation"]

1. e4 e6 2. d4 d5 3. Nc3 Bb4 4. e5 Ne7 5. h4 c5 6. a3 Bxc3+ 7. bxc3 Bd7 8. h5 h6 9. Rb1 Qc7 10. Bd2 Nbc6 11. Nf3 c4 12. Be2 O-O-O 13. Qc1 b6 14.
Qb2 Na5 15. g3 Ba4 16. Kf1 Nac6 17. Kg2 Rdf8 18. Bf4 Nf5 19. g4 Nfe7 20. Bg3 g5 21. Nd2 Rhg8 22. Rhf1 Qd7 23. Kh3 f5 24. exf6 Rxf6 25.
f4 gxf4 26. Rxf4 Rgf8 27. Rbf1 Rxf4 28. Rxf4 Rxf4 29. Bxf4 Ng8 30. Nf3 Qh7 31. Bd1 Qe4 32. Qc1 Bxc2 33. Qxc2 Qxf4 34. Qg6 Nf6 35. Nh2 Ne4 36.
Qxe6+ Kb7 0-1

[Event "*** Titled Tuesday Blitz"]
[Site "Chess.com"]
[Date "2020.04.28"]
[Round "1"]
[White "OparinGrigoriy"]
[Black "Superfelix"]
[Result "1-0"]
[WhiteElo "2909"]
[BlackElo "2454"]
[TimeControl "180+1"]
[EndTime "10:06:11 PDT"]
[Termination "OparinGrigoriy won by resignation"]

1. Nf3 Nf6 2. g3 g6 3. Bg2 Bg7 4. c4 O-O 5. Nc3 d5 6. cxd5 Nxd5 7. d4 Nb6 8. O-O Nc6 9. e3 Re8 10. h3 e5 11. d5 Na5 12. e4 c6 13. b4 Nac4 14.
dxc6 bxc6 15. Qc2 h6 16. Nd2 Ba6 17. Rd1 Qe7 18. Nxc4 Bxc4 19. a3 a5 20. Be3 axb4 21. Bxb6 bxc3 22. Qxc3 Bb5 23. Bc5 Qe6 24. Rd6 Qc8 25.
Qb3 Re6 26. a4 Rxd6 27. Bxd6 Qe6 28. Qxe6 fxe6 29. a5 Kf7 30. Bf1 Ra6 31. Bb4 Bf8 32.
Bc3 Bd6 33. Rb1 Bxf1 34. Kxf1 Bc5 35. Rb7+ Kf6 36. Ke2 Bd4 37. Bd2 g5 38. f3 c5 39. Kd3 c4+ 40. Kxc4 Rc6+ 41. Kd3 Ra6 42. g4 Kg6 43. Bb4 Rc6 44. Be1 Rc1 45. Bb4 Rb1 46. Kc4 Rf1 47. a6 Rxf3 48. Re7 Rxh3 49. Rxe6+ Kf7 50.
Rd6 Be3 51. Rd3 1-0

[Event "*** Titled Tuesday Blitz"]
[Site "Chess.com"]
[Date "2020.04.28"]
[Round "1"]
[White "SketchyMoves"]
[Black "woodhy"]
[Result "1/2-1/2"]
[WhiteElo "2633"]
[BlackElo "2330"]
[TimeControl "180+1"]
[EndTime "10:06:11 PDT"]
[Termination "Game drawn by repetition"]

1. b3 Nf6 2. Bb2 g6 3. Bxf6 exf6 4. c4 Bg7 5. Nc3 O-O 6. g3 f5 7. Bg2 Nc6 8. e3 d6 9. Nge2 Re8 10. O-O Bd7 11. Rb1 a5 12. a3 h5 13. h4 Rb8 14.
Nf4 Bxc3 15. dxc3 Ne7 16. b4 Bc6 17. Nd5 Nxd5 18. cxd5 Bb5 19. Re1 axb4 20. axb4 Ra8 21. Qd4 b6 22. c4 Bd7 23. c5 bxc5 24. bxc5 dxc5 25. Qxc5 Rb8 26. Rbc1 Rb7 27. Red1 Qb8 28. Qd4 Rb6 29. Qf4 Rd6 30. Rc5 c6 31. Rdc1 cxd5 32. Bxd5 Be6 33. Bf3 Rd2 34. Rc7 Rd7 35. Kg2 Rxc7 36.
Rxc7 Rc8 37. Rxc8+ Qxc8 38. Qe5 Qd8 39. Kg1 Qc8 40.
Kg2 Qd8 41. Qd4 Qc8 42. Kg1 Qc1+ 43. Kg2 Qc8 44. Be2 Qc6+ 45. Kg1 Qc1+ 46. Kg2 Qc6+ 47. Bf3 Qc8 1/2-1/2

[Event "*** Titled Tuesday Blitz"]
[Site "Chess.com"]
[Date "2020.04.28"]
[Round "1"]
[White "Muracle"]
[Black "godsgonnacutudown"]
[Result "1-0"]
[WhiteElo "2666"]
[BlackElo "2336"]
[TimeControl "180+1"]
[EndTime "10:06:13 PDT"]
[Termination "Muracle won by resignation"]

1. e4 c5 2. Nf3 e6 3. g3 Nc6 4.
Bg2 d5 5. exd5 exd5 6. O-O Nf6 7.
d4 Be7 8. dxc5 O-O 9. Nbd2 Bxc5 10. Nb3 Bd6 11. c3 Bf5 12. Bg5 Be4 13. Nbd2 h6 14.
Nxe4 dxe4 15. Bxf6 Qxf6 16. Nd2 Rad8 17. Nxe4 Qe6 18.
Qb3 b6 19. Qxe6 fxe6 20. Rfe1 Be7 21. h4 Ne5 22. Rad1 Nd3 23. Re2 Nf4 24. Red2 Rxd2 25. Rxd2 Nxg2 26. Kxg2 Rd8 27. Rxd8+ Bxd8 28. f4 Be7 29.
Kf3 Kf7 30. Nf2 a6 31. Nd3 Kf6 32. Ne5 b5 33. g4 Bd6 34. Ke4 Ke7 35. g5 h5 36. f5 exf5+ 37. Kxf5 Ke8 38. Nf3 Bc5 39. Kg6 Kf8 40. Kxh5 Bd6 41. Kg6 Bf4 42. b3 Bd6 43. h5 Bf4 44. Kf5 Bd6 45. Ke6 Bf4 46. c4 Be3 47.
Kd5 bxc4 48. bxc4 Bf4 49. c5 Ke7 50. Kc6 Be3 51. Kb6 Ke6 52. Kc6 Ke7 53. Kd5 Bf4 54. a4 Kd7 55. c6+ Kc7 56. Nd4 Bd2 57. Ne6+ Kc8 58.
g6 Bh6 59. Kd6 1-0

[Event "*** Titled Tuesday Blitz"]
[Site "Chess.com"]
[Date "2020.04.28"]
[Round "1"]
[White "Ave_Mariia"]
[Black "MiroVlasenko"]
[Result "0-1"]
[WhiteElo "2289"]
[BlackElo "2611"]
[TimeControl "180+1"]
[EndTime "10:06:13 PDT"]
[Termination "MiroVlasenko won by checkmate"]

1. d4 f5 2. g3 Nf6 3. Bg2 g6 4. Nh3 d6 5. O-O Bg7 6. c4 O-O 7. Nc3 e5 8. dxe5 dxe5 9. e4 c6 10. exf5 gxf5 11. Ng5 Qe7 12. Qb3 Na6 13. Be3 Ng4 14. c5+ Kh8 15. Nf3 Nxe3 16. fxe3 Be6 17. Qc2 Qxc5 18. Rae1 Nb4 19. Qb1 Bc4 20. a3 Nd3 21. b4 Qe7 22. Rd1 Rad8 23. Rd2 e4 24.
Nd4 Rxd4 25. exd4 Bxd4+ 26. Kh1 Bxc3 27. Rc2 Qe5 28. Rfc1 Nxc1 29. Qxc1 e3 30. Rxc3 e2 31. Re3 Qd4 32. Bf3 Bd5 33. Kg2 Qd1 34. Qc3+ Kg8 35. Bxd5+ cxd5 36. Kf2 Qf1# 0-1

[Event "*** Titled Tuesday Blitz"]
[Site "Chess.com"]
[Date "2020.04.28"]
[Round "1"]
[White "H3nriqueTV"]
[Black "SloLev"]
[Result "0-1"]
[WhiteElo "2140"]
[BlackElo "2519"]
[TimeControl "180+1"]
[EndTime "10:06:13 PDT"]
[Termination "SloLev won by resignation"]

1. e4 e5 2. Nf3 Nc6 3. Bc4 Bc5 4. d3 Nf6 5. Nbd2 O-O 6. Nf1 d5 7. exd5 Nxd5 8. Ng3 Nb6 9. Bb3 Kh8 10. O-O Qe7 11.
Re1 f6 12. h3 Be6 13. d4 Nxd4 14. Nxd4 Bxd4 15. Bxe6 Bxf2+ 16. Kxf2 Qxe6 17. Qf3 f5 18. Kg1 Rae8 19. Bd2 e4 20. Qf4 Nd5 21. Qh4 e3 22. Bc3 f4 23. Nh5 Nxc3 24. bxc3 f3 25. gxf3 Rxf3 26.
Qg4 Qxg4+ 27. hxg4 g6 28. Kg2 Rf2+ 29. Kg3 gxh5 30. Rxe3 Rxe3+ 31. Kxf2 Rxc3 32. gxh5 Rxc2+ 33. Kg3 Kg7 34. Kg4 Kh6 35. Rb1 b6 36. Re1 Rc4+ 37.
Kh3 Kxh5 38. Re7 Kg6 39. Kg3 h5 40. Re6+ Kf5 41. Rh6 h4+ 42. Kh3 Ke5 43. Rh5+ Kd6 44. a3 Ra4 45. Rh6+ Kc5 46. Rh7 c6 47. Rg7 Rxa3+ 48.
Kxh4 Kb4 49. Kg4 c5 50. Kf4 a5 51. Ke4 Ra1 52. Kd3 a4 53. Rg4+ Kb3 54. Rg6 b5 55.
Rb6 b4 56. Rc6 c4+ 57. Kd2 c3+ 58. Kd3 Rd1+ 59. Ke2 Rd5 60. Rc8 a3 0-1

[Event "*** Titled Tuesday Blitz"]
[Site "Chess.com"]
[Date "2020.04.28"]
[Round "1"]
[White "Kaponov"]
[Black "Moon_stone123"]
[Result "0-1"]
[WhiteElo "2105"]
[BlackElo "2504"]
[TimeControl "180+1"]
[EndTime "10:06:13 PDT"]
[Termination "Moon_stone123 won on time"]

1. d4 Nf6 2. c4 g6 3. Nf3 Bg7 4. g3 O-O 5. Bg2 d6 6. O-O Nc6 7. Nc3 a6 8. e4 Bg4 9. Be3 Nd7 10. Qd2 e5 11. d5 Bxf3 12. Bxf3 Nd4 13. Bg2 c5 14. dxc6 bxc6 15. Bxd4 exd4 16. Ne2 c5 17. Nf4 Ne5 18. b3 a5 19. Nd5 a4 20. h3 Re8 21. f4 Nc6 22. b4 d3 23. Rab1 Bd4+ 24.
Kh2 Nxb4 25. Nxb4 cxb4 26. Rxb4 Qa5 27. Rfb1 Rab8 28. a3 Bc5 29. Qc3 Bxb4 30. axb4 Qc7 31. Qxd3 Rec8 32. Bf1 Qa7 0-1

[Event "*** Titled Tuesday Blitz"]
[Site "Chess.com"]
[Date "2020.04.28"]
[Round "1"]
[White "nadirsm"]
[Black "elohunter1999"]
[Result "0-1"]
[WhiteElo "2089"]
[BlackElo "2503"]
[TimeControl "180+1"]
[EndTime "10:06:13 PDT"]
[Termination "elohunter1999 won by resignation"]

1. d4 Nf6 2. f4 d5 3. e3 c5 4. Nf3 g6 5. c3 Bg7 6. Bd3 O-O 7. Nbd2 b6 8. O-O Ba6 9. Bxa6 Nxa6 10. Ne5 Nc7 11.
Qe2 Nce8 12. dxc5 bxc5 13. e4 d4 14. Kh1 Nc7 15. cxd4 Qxd4 16. Nef3 Qd7 17. Nc4 Rfd8 18. Bd2 Qd3 19. Qxd3 Rxd3 20. Rfe1 Rad8 21. Bc3 Nh5 22.
Bxg7 Kxg7 23. Nfe5 R3d4 24. Nc6 Rxc4 25. Nxd8 Nxf4 26.
Nc6 Nd3 27. Re2 e6 28. g3 Nb5 29. Rd1 Nd4 30. Nxd4 Rxd4 31. Red2 Nf2+ 32. Kg2 Nxd1 0-1

[Event "*** Titled Tuesday Blitz"]
[Site "Chess.com"]
[Date "2020.04.28"]
[Round "1"]
[White "adriangschnitzer"]
[Black "Dedic8"]
[Result "0-1"]
[WhiteElo "2418"]
[BlackElo "2795"]
[TimeControl "180+1"]
[EndTime "10:06:14 PDT"]
[Termination "Dedic8 won by resignation"]

1. e4 e5 2. Nf3 Nc6 3. Bc4 Nf6 4. d3 Bc5 5. O-O O-O 6. c3 d6 7. a4 a5 8. Na3 Be6 9. h3 h6 10. Be3 Bxa3 11. Rxa3 Bxc4 12. dxc4 Nxe4 13. Re1 Nf6 14. b3 b6 15. Ra2 Qc8 16. Nh2 Qf5 17. Ng4 Nxg4 18. hxg4 Qe6 19. Qf3 Ne7 20. g5 hxg5 21. Bxg5 f6 22. Bc1 d5 23. cxd5 Qxd5 24. Qxd5+ Nxd5 25. c4 Nb4 26. Rd2 Rad8 27. Red1 Nc6 28. Ba3 Rxd2 29.
Rxd2 Rd8 30. Rxd8+ Nxd8 31. f3 c5 32. Kf2 Nc6 33. Bb2 Kf7 34. Ke3 Nd4 35. Bxd4 cxd4+ 36. Ke4 Ke6 37. g4 g6 38. f4 f5+ 39. gxf5+ gxf5+ 40. Kd3 exf4 41. Kxd4 Kd6 42. Kd3 Kc5 43. Ke2 Kb4 44. Kf3 Kxb3 45. Kxf4 Kxc4 46. Kxf5 Kb4 47. Ke4 Kxa4 48. Kd5 b5 49. Kc6 b4 0-1

[Event "*** Titled Tuesday Blitz"]
[Site "Chess.com"]
[Date "2020.04.28"]
[Round "1"]
[White "Karina_Ivanova"]
[Black "stoleriu"]
[Result "0-1"]
[WhiteElo "2205"]
[BlackElo "2550"]
[TimeControl "180+1"]
[EndTime "10:06:15 PDT"]
[Termination "stoleriu won by resignation"]

1. d4 e6 2. Nf3 Nf6 3. c4 Bb4+ 4. Bd2 Qe7 5. Nc3 O-O 6. Qc2 d6 7. g3 b6 8. Bg2 Bb7 9. O-O Nbd7 10. Rfe1 Bxc3 11.
Bxc3 h6 12. e4 e5 13. d5 a5 14. b3 Nc5 15. a3 Bc8 16. Nd2 Bd7 17. Ra2 Nh7 18.
Rea1 f5 19. b4 Nxe4 20. Nxe4 fxe4 21. Bxe4 Ng5 22. Rf1 axb4 23. Bxb4 Bh3 24. Bg2 Bxg2 25. Kxg2 Qd7 26. f4 exf4 27. gxf4 Qg4+ 28. Kh1 Rxf4 29. Rxf4 Qxf4 30. Qe2 Rf8 31. Be1 Qf1+ 0-1